AoeStats
← Sujiner

MegaRandom

510054165Analyzed
4v4 RM · 4d ago on Sep 29, 2026· 35m 28s· 8 players
Game mode
Random Map
Map size
Large (8 player)
Population
200
Speed
Normal
Resources
Standard
Victory
Conquest
Starting age
Dark Age
Ending age
Imperial Age
RankedLock teamsTeams togetherTeam positionsShared explorationLock speedFull tech treeHidden civsTurbo modeCheats
Victory
Defeat
🇨🇳 Italians · China
1452
+4
🇨🇳 Varangians · China
1197
+12
🇨🇳 Maya · China
1082
+15
🇨🇳 Franks · China
944
+57
🇲🇽 Maya · Mexico
1114
-14
🇹🇷 Italians · Türkiye
1109
-14
🇵🇪 Poles · Peru
1103
-13
🇸🇬 Berbers · Singapore
1056
-34
F. King Nub
0:31 Loom
12:11 Feudal Age
13:09 Double-Bit Axe
13:18 Gold Mining
15:02 Horse Collar
17:55 Castle Age
16:34 Padded Archer Armor
17:45 Fletching
19:21 Thumb Ring
21:34 Fervor
22:54 Sanctity
23:26 Elite Skirmisher
27:59 Town Watch
28:21 Fletching
30:16 Coinage
29:57 Pikeman
30:03 Crossbowman
33:01 Ballistics
32:53 Heavy Plow
33:48 Wheelbarrow
33:51 Scale Mail Armor
34:08 Bow Saw
35:25 Coinage
Re1gn
8:45 Loom
11:22 Feudal Age
16:19 Castle Age
14:54 Wheelbarrow
14:18 Stone Mining
14:16 Double-Bit Axe
16:16 Wheelbarrow
24:01 Gold Mining
25:43 Fletching
26:27 Bodkin Arrow
31:40 Imperial Age
29:22 Padded Archer Armor
31:44 Hand Cart
32:46 Bracer
33:02 Leather Archer Armor
33:56 Chemistry
34:59 Ring Archer Armor
34:24 Elite Genoese Crossbowman
36:02 Conscription
Rain
7:19 Loom
11:58 Feudal Age
12:51 Double-Bit Axe
16:41 Castle Age
15:18 Fletching
15:12 Horse Collar
16:44 Fletching
17:25 Crossbowman
22:02 Bodkin Arrow
22:20 Town Watch
DSLG | Shamer
13:28 Feudal Age
14:23 Double-Bit Axe
15:13 Horse Collar
17:56 Castle Age
15:46 Loom
16:14 Bloodlines
17:43 Scale Barding Armor
18:39 Forging
22:47 Scale Mail Armor
32:26 Wheelbarrow
33:14 Husbandry
Sujiner
5:24 Loom
12:29 Feudal Age
16:17 Wheelbarrow
18:19 Castle Age
16:50 Forging
16:45 Scale Barding Armor
17:41 Gold Mining
19:26 Scale Barding Armor
20:11 Husbandry
22:42 Wheelbarrow
22:35 Double-Bit Axe
24:45 Chain Barding Armor
26:54 Iron Casting
26:38 Hand Cart
NorthOrigin
9:59 Feudal Age
10:37 Double-Bit Axe
11:02 Loom
11:18 Loom
12:06 Loom
15:57 Castle Age
14:32 Fletching
16:56 Bodkin Arrow
17:09 Horse Collar
19:26 Bow Saw
33:32 Imperial Age
32:46 Padded Archer Armor
32:15 Crossbowman
33:00 Thumb Ring
33:51 Wheelbarrow
34:12 Leather Archer Armor
34:16 Bracer
35:55 Conscription
Why
0:29 Loom
10:36 Feudal Age
14:53 Castle Age
13:18 Double-Bit Axe
14:01 Fletching
14:36 Gold Mining
15:09 Crossbowman
19:05 Bodkin Arrow
23:00 Padded Archer Armor
35:08 Wheelbarrow
34:17 Horse Collar
愛言葉
8:17 Loom
10:33 Feudal Age
14:17 Castle Age
12:43 Loom
14:53 Scale Barding Armor
15:02 Bloodlines
17:42 Double-Bit Axe
25:41 Scale Mail Armor
26:08 Chain Barding Armor
27:51 Gold Mining
29:07 Wheelbarrow
29:18 Husbandry
30:57 Forging
38:10 Imperial Age
Connection lost

Rejoining the realm…

Still unreachable

The connection could not be restored.

Session expired

The server has moved on; the page needs a fresh start.